Map: Bel'Shir Vestige LE (Void)

Players

Railgan - Winner!

  • Race: Zerg Zerg
  • League: Grandmaster
  • Spawn Location: 5:00

NoCti

  • Race: Terran Terran
  • League: Master
  • Spawn Location: 11:00

VOD

Have the link to the VOD?

Description

Time

  • Played on: March 24, 2017, 5:23 p.m.
  • Length: 10:39
Show
View Real Time Build Order
Export as new Build Order

Railgan Zerg - Winner!

Build Orders: Pool First 

Get SALT Encoding   

  12  0:01  Drone  
  13  0:12  Overlord  
  13  0:17  Drone  
  14  0:30  Drone x2  
  14  0:34  Drone  
  17  0:45  Drone  
  17  0:49  Spawning Pool  
  17  0:55  Drone  
  18  1:12  Extractor, Hatchery  
  18  1:16  Drone  
  17  1:19  Drone  
  18  1:35  Queen  
  18  1:36  Zergling x2  
  18  1:38  Drone  
  22  1:51  Overlord  
  22  2:10  Drone  
  22  2:11  Queen  
  25  2:17  Drone  
  26  2:23  Drone  
  26  2:24  Drone, Queen  
  26  2:25  Metabolic Boost  
  30  2:32  Drone  
  30  2:35  Drone  
  32  2:43  Drone  
  33  2:52  Overlord  
  33  2:53  Drone x3  
  33  2:57  Drone  
  36  3:03  Evolution Chamber  
  36  3:04  Drone  
  36  3:12  Drone x2  
  38  3:17  Drone  
  39  3:22  Zergling x2  
  39  3:24  Zergling x2  
  39  3:25  Zergling x2  
  39  3:26  Drone  
  43  3:28  Drone, Zerg Ground Armor Level 1  
  43  3:33  Overlord  
  44  3:38  Extractor x2, Drone x2  
  44  3:39  Overlord  
  44  3:53  Drone x3  
  44  3:54  Lair  
  47  3:56  Drone x3  
  47  3:58  Extractor, Drone  
  50  4:03  Drone  
  50  4:04  Queen  
  50  4:06  Drone  
  50  4:07  Drone x2  
  56  4:11  Overlord  
  56  4:17  Drone  
  57  4:27  Zergling x2  
  57  4:28  Zergling x4  
  57  4:30  Overlord  
  60  4:32  Zergling x2  
  61  4:48  Zergling x6  
  61  4:49  Overlord  
  61  4:52  Queen x2  
  68  5:00  Overlord  
  68  5:03  Hydralisk Den  
  68  5:04  Overlord  
  68  5:06  Zergling x2  
  68  5:07  Overlord  
  68  5:12  Zergling x2  
  68  5:15  Zergling x6  
  68  5:19  Zergling x2  
  72  5:24  Zergling x2  
  72  5:25  Zergling x6  
  74  5:34  Zergling x2  
  69  5:36  Zergling x2  
  69  5:38  Zergling x2  
  66  5:48  Drone  
  66  5:49  Zerg Ground Armor Level 2, Drone x2, Muscular Augments  
  73  5:53  Evolution Chamber  
  72  6:04  Hatchery  
  67  6:16  Drone x5  
  72  6:19  Hydralisk  
  72  6:22  Zerg Missile Weapons Level 1  
  74  6:26  Hydralisk x3  
  74  6:32  Hydralisk  
  78  6:33  Hydralisk x3  
  78  6:35  Hydralisk  
  85  6:44  Hydralisk  
  85  6:45  Hydralisk  
  88  6:48  Hydralisk  
  88  6:53  Hydralisk x2  
  89  6:54  Hydralisk  
  89  6:57  Hydralisk  
  89  6:58  Hydralisk  
  95  7:08  Drone  
  95  7:10  Drone  
  95  7:11  Lurker Den  
  95  7:15  Drone  
  98  7:16  Queen  
  98  7:18  Overlord  
  98  7:19  Zergling x2  
  98  7:20  Overlord, Zergling x6  
  104  7:25  Overlord  
  104  7:29  Hydralisk  
  104  7:31  Overlord  
  104  7:34  Overlord  
  106  7:37  Overlord  
  106  7:41  Hydralisk  
  108  7:46  Hydralisk x4  
  116  7:53  Zergling x2  
  116  7:54  Drone x4  
  121  7:59  Overlord  
  121  8:02  Drone x2  
  121  8:03  Pneumatized Carapace  
  121  8:04  Overseer  
  123  8:05  Overlord  
  123  8:11  Hydralisk x4  
  131  8:16  Hydralisk x2  
  134  8:22  Hydralisk  
  133  8:32  Hydralisk x3  
  135  8:38  Hydralisk  
  135  8:39  Hydralisk x3  
  135  8:40  Hydralisk  
  131  8:42  Hydralisk  
  131  8:43  Drone x2  
  123  8:50  Hydralisk x2, Extractor  
  123  8:51  Extractor  
  121  8:57  Drone x3  
  121  9:00  Zergling x2  
  125  9:06  Drone  
  125  9:08  Zergling x2  
  127  9:11  Zergling x6  
  130  9:17  Hatchery  
  130  9:21  Zergling x2  
  130  9:35  Hydralisk x5  
  134  9:46  Hydralisk x5  
  134  9:50  Drone  
  134  9:51  Zergling x2  
  134  9:52  Zergling x12  
  146  10:00  Hydralisk x2  
  146  10:01  Hydralisk  
  146  10:05  Hydralisk x2  
Show
View Real Time Build Order
Export as new Build Order

NoCti Terran 

Build Orders: Reaper Expand, MMM Bio 

Get SALT Encoding   

  12  0:02  SCV  
  13  0:14  SCV  
  13  0:17  Supply Depot  
  14  0:26  SCV  
  15  0:39  SCV  
  15  0:41  Barracks  
  16  0:44  Refinery  
  16  0:51  SCV  
  17  1:03  SCV  
  18  1:15  SCV  
  19  1:27  Orbital Command  
  19  1:28  Reaper  
  20  1:38  Command Center  
  20  1:49  Barracks  
  20  1:53  SCV  
  21  2:00  Barracks Reactor  
  21  2:02  Supply Depot  
  21  2:05  SCV  
  22  2:11  Refinery  
  22  2:17  SCV  
  23  2:23  Factory  
  23  2:29  SCV  
  24  2:41  Marine, SCV  
  24  2:42  Marine, Barracks Tech Lab  
  26  2:53  SCV  
  27  3:01  Marine x2  
  27  3:02  Marine  
  27  3:03  Stimpack  
  30  3:06  SCV  
  30  3:11  Starport  
  31  3:14  Orbital Command  
  31  3:21  Marine, SCV  
  31  3:22  Marine  
  31  3:24  Factory Reactor  
  34  3:27  Marine  
  34  3:33  SCV  
  36  3:39  Marine x2  
  38  3:41  Supply Depot, SCV  
  38  3:45  Marine  
  38  3:46  SCV  
  41  3:54  SCV  
  41  3:57  Marine x2  
  41  3:58  SCV  
  44  4:03  Marine  
  44  4:04  Medivac x2  
  44  4:06  SCV  
  49  4:10  SCV  
  49  4:18  Marine x2  
  49  4:21  Marine, Supply Depot  
  49  4:23  SCV  
  53  4:26  SCV  
  54  4:33  Supply Depot  
  54  4:42  Marine x2  
  54  4:43  SCV x2  
  58  4:49  Command Center  
  58  4:57  SCV  
  58  4:59  Marine, SCV  
  61  5:02  Marine x2, Supply Depot  
  63  5:09  SCV  
  63  5:11  SCV  
  63  5:17  Marine  
  63  5:21  SCV  
  63  5:23  SCV  
  59  5:30  Engineering Bay  
  59  5:31  Combat Shields  
  52  5:43  SCV  
  52  5:44  Marine, SCV  
  52  5:47  Engineering Bay, Widow Mine, Marine x2  
  52  5:48  Medivac  
  61  5:56  SCV x2  
  63  6:05  Terran Infantry Weapons Level 1  
  63  6:07  Barracks x2  
  63  6:08  Barracks, SCV  
  64  6:16  SCV  
  65  6:18  Orbital Command  
  65  6:20  SCV  
  65  6:21  Refinery x2  
  63  6:25  Marine  
  63  6:26  Marine x2  
  63  6:28  SCV  
  61  6:43  Marine  
  58  6:47  Marine x2  
  58  6:55  SCV x2  
  58  6:59  Terran Infantry Armor Level 1  
  58  7:00  Barracks Reactor x3  
  59  7:01  Marine  
  59  7:05  Marine  
  59  7:11  SCV x2  
  59  7:15  Marine  
  62  7:16  Factory Tech Lab  
  62  7:17  Medivac x2, Orbital Command  
  62  7:20  Armory  
  62  7:21  Supply Depot  
  62  7:22  Marine  
  66  7:23  Marine, SCV  
  66  7:28  Supply Depot  
  69  7:33  Supply Depot  
  69  7:35  Supply Depot  
  69  7:40  SCV  
  70  7:48  SCV x2  
  70  7:49  Marine x9  
  70  7:50  Siege Tank  
  84  7:54  Medivac x2  
  84  7:58  SCV  
  89  8:00  SCV  
  89  8:04  Supply Depot  
  89  8:05  SCV  
  91  8:06  Marine x2  
  91  8:10  SCV  
  91  8:12  Marine x3  
  91  8:13  Marine  
  91  8:15  Marine x2  
  91  8:16  Marine  
  85  8:27  Marine x2  
  85  8:29  Siege Tank  
  85  8:32  Marine x2  
  85  8:35  Marine  
  85  8:36  Marine x2  
  85  8:37  SCV x2  
  85  8:38  SCV  
  78  8:46  Marine x4  
  70  8:49  SCV x2  
  70  8:50  Marine, SCV  
  70  8:54  Marine x2  
  75  8:57  Medivac  
  75  8:59  Marine x2  
  75  9:01  SCV x2  
  75  9:02  SCV  
  82  9:04  Siege Tank  
  85  9:15  Supply Depot  
  85  9:19  Supply Depot  
  85  9:22  SCV  
  85  9:23  SCV  
  85  9:27  SCV  
  84  9:38  Marine x6  
  83  9:39  Marine x3  
  83  9:45  SCV x2  
  81  9:49  Command Center  
  76  9:56  Marine  
  72  10:01  Marine x5  
  72  10:02  Marine x3  
  74  10:14  Marine  
  78  10:19  Marine  
  74  10:24  Unknown x2  
Tags
 
Add a new tag
Caveats
  • Supply blocks, unpowered buildings, or Contaminate may cause inaccurate times.
  • Supply counts are checked every 10 seconds.